SL
PHILADEPHIA 1776 BC @ NEW AMSTERDAM REPUBLICS
09/25/2017
 
TOP OF THE 1ST
Philadephia 1776 BC batting - Pitching for New Amsterdam Republics : RHP Andy Coker
Pitching: RHP Andy Coker
Batting: LHB Manuel García 0-0: Foul Ball, location: 2F
0-1: Ground out 5-3 (Groundball, 56)
Batting: RHB José Ramos 0-0: Ball
1-0: Ball
2-0: Ball
3-0: Base on Balls
Batting: RHB Tommy Jones 0-0: Grounds into double play, 5-4-3 (Groundball, 56)
Top of the 1st over - 0 run(s), 0 hit(s), 0 error(s), 0 left on base; Philadephia 1776 0 - New Amsterdam 0
BOTTOM OF THE 1ST
New Amsterdam Republics batting - Pitching for Philadephia 1776 BC : RHP Tony Madden
Pitching: RHP Tony Madden
Batting: RHB José Ramírez 0-0: Ball
1-0: Ground out 5-3 (Groundball, 5)
Batting: RHB Pedro Cruz 0-0: Ball
1-0: Ball
2-0: Foul Ball, location: 2F
2-1: Foul Ball, location: 2F
2-2: SINGLE (Groundball, 5L)
Batting: RHB Porter Martínez 0-0: Called Strike
0-1: Called Strike
0-2: Ball
1-2: Ball
2-2: Strikes out swinging
Batting: LHB Steve Ingram 0-0: Called Strike
0-1: Swinging Strike
0-2: Ball
Pedro Cruz is caught stealing 2nd base
Bottom of the 1st over - 0 run(s), 1 hit(s), 0 error(s), 0 left on base; Philadephia 1776 0 - New Amsterdam 0
TOP OF THE 2ND
Philadephia 1776 BC batting - Pitching for New Amsterdam Republics : RHP Andy Coker
Batting: RHB Brian O'Brian 0-0: SINGLE (Line Drive, 6M)
Batting: RHB Tanner Watkins 0-0: Ball
1-0: Swinging Strike
1-1: Called Strike
1-2: Strikes out swinging
Batting: RHB Lúcio Montoya 0-0: Ball
1-0: Ball
2-0: Swinging Strike
2-1: SINGLE (Groundball, 4MD)
Brian O'Brian to second
Batting: LHB Rubén Alte 0-0: Swinging Strike
0-1: Called Strike
0-2: Ball
1-2: Strikes out swinging
Batting: SHB Matthieu Servergnini 0-0: Called Strike
0-1: Ball
1-1: Fly out, F8 (Line Drive, 8RM)
Top of the 2nd over - 0 run(s), 2 hit(s), 0 error(s), 2 left on base; Philadephia 1776 0 - New Amsterdam 0
BOTTOM OF THE 2ND
New Amsterdam Republics batting - Pitching for Philadephia 1776 BC : RHP Tony Madden
Batting: LHB Steve Ingram 0-0: Called Strike
0-1: Ball
1-1: Foul Ball, location: 2F
1-2: Foul Ball, location: 2F
1-2: Strikes out swinging
Batting: RHB Christian O'Neal 0-0: Ball
1-0: Ball
2-0: Ball
3-0: Called Strike
3-1: Swinging Strike
3-2: Strikes out looking
Batting: RHB Noel Livingston 0-0: Fly out, F9 (Line Drive, 89M)
Bottom of the 2nd over - 0 run(s), 0 hit(s), 0 error(s), 0 left on base; Philadephia 1776 0 - New Amsterdam 0
TOP OF THE 3RD
Philadephia 1776 BC batting - Pitching for New Amsterdam Republics : RHP Andy Coker
Batting: RHB Tony Madden 0-0: SINGLE (Groundball, 6MD)
Batting: LHB Manuel García 0-0: DOUBLE (Groundball, 3L)
Tony Madden to third
Batting: RHB José Ramos 0-0: Ball
1-0: Fly out, F3 (Line Drive, 3S)
Batting: RHB Tommy Jones 0-0: Called Strike
0-1: Ground out 1-3 (Groundball, 25)
Batting: RHB Brian O'Brian 0-0: Called Strike
0-1: Called Strike
0-2: Ball
1-2: Fly out, F8 (Flyball, 8LM)
Top of the 3rd over - 0 run(s), 2 hit(s), 0 error(s), 2 left on base; Philadephia 1776 0 - New Amsterdam 0
BOTTOM OF THE 3RD
New Amsterdam Republics batting - Pitching for Philadephia 1776 BC : RHP Tony Madden
Batting: RHB Chris Bentley 0-0: Called Strike
0-1: Ball
1-1: Foul Ball, location: 2F
1-2: Strikes out swinging
Batting: RHB Matt Terry 0-0: Foul Ball, location: 2F
0-1: Called Strike
0-2: Ground out 5-3 (Groundball, 5)
Batting: RHB Andy Coker 0-0: Ball
1-0: Foul Ball, location: 2F
1-1: Ground out 5-3 (Groundball, 56)
Bottom of the 3rd over - 0 run(s), 0 hit(s), 0 error(s), 0 left on base; Philadephia 1776 0 - New Amsterdam 0
TOP OF THE 4TH
Philadephia 1776 BC batting - Pitching for New Amsterdam Republics : RHP Andy Coker
Batting: RHB Tanner Watkins 0-0: Swinging Strike
0-1: Foul Ball, location: 2F
0-2: Strikes out swinging
Batting: RHB Lúcio Montoya 0-0: Ball
1-0: Ball
2-0: Ball
3-0: Called Strike
3-1: Called Strike
3-2: Ground out 5-3 (Groundball, 5L)
Batting: LHB Rubén Alte 0-0: Fly out, F2 (Popup, 25F)
Top of the 4th over - 0 run(s), 0 hit(s), 0 error(s), 0 left on base; Philadephia 1776 0 - New Amsterdam 0
BOTTOM OF THE 4TH
New Amsterdam Republics batting - Pitching for Philadephia 1776 BC : RHP Tony Madden
Batting: RHB José Ramírez 0-0: Foul Ball, location: 2F
0-1: Ball
1-1: Ball
2-1: Called Strike
2-2: Ball
3-2: Strikes out swinging
Batting: RHB Pedro Cruz 0-0: Ball
1-0: Ball
2-0: Ball
3-0: Called Strike
3-1: Base on Balls
Batting: RHB Porter Martínez 0-0: Called Strike
0-1: Ball
1-1: SINGLE (Groundball, 56)
Pedro Cruz to second
Batting: LHB Steve Ingram 0-0: Ball
Wild Pitch!
Pedro Cruz to third
Porter Martínez to second
1-0: Ball
2-0: Ball
3-0: Called Strike
3-1: Swinging Strike
3-2: Strikes out swinging
Batting: RHB Christian O'Neal 0-0: Ball
1-0: Called Strike
1-1: Fly out, F9 (Flyball, 89M)
Bottom of the 4th over - 0 run(s), 1 hit(s), 0 error(s), 2 left on base; Philadephia 1776 0 - New Amsterdam 0
TOP OF THE 5TH
Philadephia 1776 BC batting - Pitching for New Amsterdam Republics : RHP Andy Coker
Batting: SHB Matthieu Servergnini 0-0: Swinging Strike
0-1: Ball
1-1: Foul Ball, location: 2F
1-2: Fly out, F9 (Line Drive, 9D)
Batting: RHB Tony Madden 0-0: Ball
1-0: Fly out, F9 (Line Drive, 9LM)
Batting: LHB Manuel García 0-0: Swinging Strike
0-1: Ball
1-1: Foul Ball, location: 2F
1-2: Strikes out swinging
Top of the 5th over - 0 run(s), 0 hit(s), 0 error(s), 0 left on base; Philadephia 1776 0 - New Amsterdam 0
BOTTOM OF THE 5TH
New Amsterdam Republics batting - Pitching for Philadephia 1776 BC : RHP Tony Madden
Batting: RHB Noel Livingston 0-0: Ball
1-0: Ball
2-0: DOUBLE (Line Drive, 8LD)
Batting: RHB Chris Bentley 0-0: Ground out 4-3 (Groundball, 4M)
Noel Livingston to third
Batting: RHB Matt Terry 0-0: Ball
1-0: Foul Ball, location: 2F
1-1: Called Strike
1-2: Fly out, F2 (Popup, 25F)
Batting: RHB Andy Coker 0-0: Ball
1-0: Called Strike
1-1: Foul Ball, location: 2F
1-2: Foul Ball, location: 2F
1-2: Strikes out swinging
Bottom of the 5th over - 0 run(s), 1 hit(s), 0 error(s), 1 left on base; Philadephia 1776 0 - New Amsterdam 0
TOP OF THE 6TH
Philadephia 1776 BC batting - Pitching for New Amsterdam Republics : RHP Andy Coker
Batting: RHB José Ramos 0-0: Ball
1-0: Foul Ball, location: 2F
1-1: DOUBLE (Groundball, 5L)
Batting: RHB Tommy Jones 0-0: Called Strike
0-1: Called Strike
0-2: DOUBLE (Line Drive, 89D)
José Ramos scores
Batting: RHB Brian O'Brian 0-0: Ball
1-0: Ball
2-0: Ball
3-0: Base on Balls
Batting: RHB Tanner Watkins 0-0: Fly out, F9 (Flyball, 89XD)
Runner from 2nd tags up, SAFE at 3rd, no throw
Batting: RHB Lúcio Montoya 0-0: Ball
1-0: Foul Ball, location: 2F
1-1: Swinging Strike
1-2: Foul Ball, location: 2F
1-2: Fly out, F9 (Flyball, 9S)
Batting: LHB Rubén Alte 0-0: Ball
1-0: Ball
2-0: SINGLE (Flyball, 8RM)
Tommy Jones scores
Brian O'Brian to second
Batting: SHB Matthieu Servergnini 0-0: Ball
1-0: Called Strike
1-1: Ball
2-1: Fielders Choice at 2nd, 6-4 (Groundball, 6)
Top of the 6th over - 2 run(s), 3 hit(s), 0 error(s), 1 left on base; Philadephia 1776 2 - New Amsterdam 0
BOTTOM OF THE 6TH
New Amsterdam Republics batting - Pitching for Philadephia 1776 BC : RHP Tony Madden
Batting: RHB José Ramírez 0-0: Foul Ball, location: 2F
0-1: Foul Ball, location: 2F
0-2: Fly out, F9 (Flyball, 89M)
Batting: RHB Pedro Cruz 0-0: Ball
1-0: Fly out, F4 (Line Drive, 4)
Batting: RHB Porter Martínez 0-0: Fly out, F7 (Flyball, 78M)
Bottom of the 6th over - 0 run(s), 0 hit(s), 0 error(s), 0 left on base; Philadephia 1776 2 - New Amsterdam 0
TOP OF THE 7TH
Philadephia 1776 BC batting - Pitching for New Amsterdam Republics : RHP Andy Coker
Batting: RHB Tony Madden 0-0: Called Strike
0-1: Ball
1-1: Foul Ball, location: 2F
1-2: Strikes out swinging
Batting: LHB Manuel García 0-0: Called Strike
0-1: Called Strike
0-2: Ball
1-2: Strikes out swinging
Batting: RHB José Ramos 0-0: Ball
1-0: Ball
2-0: SINGLE (Groundball, 6D)
Batting: RHB Tommy Jones 0-0: Called Strike
0-1: Fly out, F7 (Line Drive, 7LM)
Top of the 7th over - 0 run(s), 1 hit(s), 0 error(s), 1 left on base; Philadephia 1776 2 - New Amsterdam 0
BOTTOM OF THE 7TH
New Amsterdam Republics batting - Pitching for Philadephia 1776 BC : RHP Tony Madden
Batting: LHB Steve Ingram 0-0: Ball
1-0: Called Strike
1-1: Called Strike
1-2: Foul Ball, location: 2F
1-2: Ball
2-2: Ball
3-2: Base on Balls
Batting: RHB Christian O'Neal 0-0: Ball
1-0: SINGLE (Line Drive, 6D)
Steve Ingram to second
Batting: RHB Noel Livingston 0-0: Called Strike
0-1: Foul Ball, location: 2F
0-2: Strikes out swinging
Batting: RHB Chris Bentley 0-0: Ball
1-0: Ball
2-0: DOUBLE (Line Drive, 3L)
Steve Ingram scores
Christian O'Neal to third
Runner from 3rd tries for Home, SAFE, throw made at trailing runner, SAFE at third!
Batting: RHB Matt Terry 0-0: Swinging Strike
0-1: Fly out, F7 (Flyball, 78S)
Pinch Hitting: RHB Lawrence Bell 0-0: Ball
1-0: Foul Ball, location: 2F
1-1: Swinging Strike
1-2: Ball
2-2: Foul Ball, location: 2F
2-2: Ball
3-2: Fly out, F7 (Flyball, 78M)
Bottom of the 7th over - 2 run(s), 2 hit(s), 0 error(s), 1 left on base; Philadephia 1776 2 - New Amsterdam 2
TOP OF THE 8TH
Philadephia 1776 BC batting - Pitching for New Amsterdam Republics : RHP Andy Coker
Pitching: LHP Santiago Romo
Batting: RHB Brian O'Brian 0-0: Fly out, F8 (Flyball, 8RD)
Batting: RHB Tanner Watkins 0-0: Ball
1-0: Foul Ball, location: 2F
1-1: SINGLE (Line Drive, 6MD)
Batting: RHB Lúcio Montoya 0-0: Foul Ball, location: 2F
0-1: Ball
1-1: Swinging Strike
1-2: Foul Ball, location: 2F
1-2: Ball
2-2: Fly out, F3 (Popup, 13S)
Pinch Hitting: RHB Chet Nix 0-0: Ball
1-0: Swinging Strike
1-1: Ball
2-1: Foul Ball, location: 2F
2-2: Foul Ball, location: 2F
2-2: Ball
Tanner Watkins steals 2nd base
3-2: Ground out 6-3 (Groundball, 6)
Top of the 8th over - 0 run(s), 1 hit(s), 0 error(s), 1 left on base; Philadephia 1776 2 - New Amsterdam 2
BOTTOM OF THE 8TH
New Amsterdam Republics batting - Pitching for Philadephia 1776 BC : RHP Tony Madden
Now in RF: Jesús Vargas
Batting: RHB José Ramírez 0-0: Ball
1-0: Ball
2-0: Foul Ball, location: 2F
2-1: Foul Ball, location: 2F
2-2: Fly out, F9 (Line Drive, 9LM)
Batting: RHB Pedro Cruz 0-0: Foul Ball, location: 2F
0-1: Ground out 6-3 (Groundball, 6)
Batting: RHB Porter Martínez 0-0: Fly out, F7 (Flyball, 78M)
Bottom of the 8th over - 0 run(s), 0 hit(s), 0 error(s), 0 left on base; Philadephia 1776 2 - New Amsterdam 2
TOP OF THE 9TH
Philadephia 1776 BC batting - Pitching for New Amsterdam Republics : LHP Santiago Romo
Batting: SHB Matthieu Servergnini 0-0: Swinging Strike
0-1: Foul Ball, location: 2F
0-2: Strikes out swinging
Pinch Hitting: RHB Soseki Matsunaga 0-0: Ball
1-0: Ball
2-0: Swinging Strike
2-1: Called Strike
2-2: Fly out, F7 (Flyball, 7M)
Batting: LHB Manuel García 0-0: Called Strike
0-1: Swinging Strike
0-2: Strikes out swinging
Top of the 9th over - 0 run(s), 0 hit(s), 0 error(s), 0 left on base; Philadephia 1776 2 - New Amsterdam 2
BOTTOM OF THE 9TH
New Amsterdam Republics batting - Pitching for Philadephia 1776 BC : RHP Tony Madden
Pitching: LHP Rick Payne
Batting: LHB Steve Ingram 0-0: Ball
1-0: Ball
2-0: Ball
3-0: Called Strike
3-1: Base on Balls
Batting: RHB Christian O'Neal 0-0: Ball
1-0: Fly out, F7 (Flyball, 78M)
Batting: RHB Noel Livingston 0-0: Fielders Choice at 2nd, 3-6 (Groundball, 3)
Batting: RHB Chris Bentley 0-0: Swinging Strike
0-1: Foul Ball, location: 2F
0-2: Ball
1-2: Ball
2-2: SINGLE (Line Drive, 56D)
Noel Livingston to second
Batting: RHB Matt Terry 0-0: 3-RUN HOME RUN (Flyball, 78XD), Distance : 432 ft
This league is powered by Out of the Park Baseball, the baseball management simulation game for PC, Mac and Linux
Saturday, February 27th, 2021 - OOTP Baseball 15.6 Build 34